Map: Ulrena

Players

DevilDog - Winner!

  • Race: Terran Terran
  • League: Silver

VLAAAM

  • Race: Terran Terran
  • League: Silver

VOD

Have the link to the VOD?

Description

Four raxing will get you some wins

Time

  • Played on: March 3, 2016, 6:05 a.m.
  • Length: 4:26
Show
View Real Time Build Order
Export as new Build Order

DevilDog Terran - Winner!

Build Orders:  

Get SALT Encoding   

  12  0:01  SCV  
  13  0:13  SCV  
  14  0:17  Supply Depot  
  14  0:25  SCV  
  15  0:40  Barracks  
  15  0:42  SCV  
  16  0:48  Supply Depot  
  16  0:54  SCV  
  17  1:06  SCV  
  18  1:15  Barracks  
  18  1:18  Barracks  
  18  1:30  Marine  
  19  1:41  SCV  
  19  1:44  Barracks  
  20  1:52  Marine  
  20  2:03  Marine  
  20  2:05  Marine  
  22  2:10  Marine  
  22  2:11  Orbital Command  
  23  2:21  Marine  
  24  2:23  Marine  
  24  2:28  Marine  
  26  2:32  Marine  
  27  2:39  Marine, Refinery  
  27  2:41  Marine  
  29  2:46  Marine  
  29  2:49  Marine  
  31  2:59  Supply Depot  
  31  3:03  Marine x3  
  31  3:04  Supply Depot  
  34  3:07  Marine  
  35  3:21  Marine  
  35  3:23  Marine x2  
  35  3:25  Marine  
  39  3:39  Marine  
  40  3:43  Marine, Factory  
  40  3:44  Marine x2  
  35  4:05  Marine x4  
Show
View Real Time Build Order
Export as new Build Order

VLAAAM Terran 

Build Orders:  

Get SALT Encoding   

  12  0:01  SCV  
  13  0:13  SCV  
  14  0:19  Supply Depot  
  14  0:25  SCV  
  15  0:40  SCV  
  15  0:42  Barracks  
  16  0:55  SCV, Barracks  
  17  1:07  SCV  
  18  1:13  Barracks  
  18  1:19  SCV  
  19  1:32  Orbital Command  
  19  1:34  Marine  
  20  1:43  Marine  
  21  1:53  Marine  
  22  1:59  SCV, Barracks  
  23  2:04  Barracks  
  23  2:15  Supply Depot  
  23  2:18  Refinery  
  23  2:21  Refinery  
  23  2:36  Marine  
  24  2:43  SCV  
  25  2:44  Marine  
  25  2:45  Marine  
  25  2:46  Marine  
  25  2:47  Engineering Bay  
  25  2:51  Marine  
  29  2:58  SCV  
  29  3:05  Barracks Tech Lab, Marine  
  31  3:13  Marine x2  
  31  3:14  Supply Depot  
  31  3:18  Missile Turret  
  33  3:21  Marine  
  33  3:23  Marine  
  33  3:26  Marine  
  36  3:30  Marine  
  36  3:31  Marine  
  32  4:00  Marine x4  
  26  4:04  SCV  
Tags
 
Matchup
TvT
Race
Terran
Add a new tag
Caveats
  • Supply blocks, unpowered buildings, or Contaminate may cause inaccurate times.
  • Supply counts are checked every 10 seconds.